 Dungeon Crawl Stone Soup version 0.17-a0-1132-g5dd4065 (console) character file.

122 Monkaria the Slasher (level 4, -8/37 HPs)
             Began as a Demonspawn Chaos Knight on May 25, 2015.
             Killed by divine providence
             ... invoked by an orc priest
              (14 damage)
             ... on level 3 of the Dungeon.
             The game lasted 00:03:06 (2371 turns).

Monkaria the Slasher (Demonspawn Chaos Knight)      Turns: 2371, Time: 00:03:06

Health: -8/37      AC:  5    Str: 17    XL:     4   Next: 78%
Magic:  4/4        EV: 16    Int: 13    God:    Xom [..*...]
Gold:   96         SH:  0    Dex: 17    Spells: 0 memorised, 3 levels left

rFire  . . .     SeeInvis .     a - +0 falchion (chaos)
rCold  . . .     Clarity  .     b - +2 leather armour
rNeg   . . .     SustAt   .     (no shield)
rPois  .         Gourm    .     (no helmet)
rElec  .         Spirit   .     (no cloak)
rCorr  .         Warding  .     (no gloves)
rMut   .         Rnd*Tele +     (no boots)
MR     .....                    (no amulet)
Stlth  ++........               l - ring of teleportation (curse)
                                e - +3 ring of strength

@: agile, not resistant to hostile enchantments, unstealthy
A: foul stench 1, rot immunity
a: Renounce Religion, Evoke Teleportation


You were on level 3 of the Dungeon.
You worshipped Xom.
You were a toy of Xom.
You were not hungry.

You visited 1 branch of the dungeon, and saw 3 of its levels.

You collected 96 gold pieces.

Inventory:

Hand weapons
 a - a +0 falchion of chaos (weapon)
Missiles
 h - 2 tomahawks (quivered)
Armour
 b - a +2 leather armour (worn)
Jewellery
 e - a +3 ring of strength (left hand)
 l - a cursed ring of teleportation (right hand)
Scrolls
 i - 2 scrolls of identify {unknown}
 o - a scroll of enchant armour {unknown}
 r - 3 scrolls of remove curse {unknown}
 s - a scroll of fog {unknown}
Potions
 f - a potion of brilliance {unknown}
 j - a potion of lignification {unknown}
 k - a potion of agility
 m - a potion of invisibility {unknown}
 n - a potion of resistance {unknown}
 p - 2 potions of curing {unknown}
Books
 g - a book of Control

   Spells                             Type                      Level
   a - Control Teleport               Charms/Translocation         4
   b - Control Undead                 Necromancy                   4
   c - Metabolic Englaciation         Hexes/Ice                    5
   d - Mass Confusion                 Hexes                        6
Comestibles
 c - 2 bread rations
 d - a meat ration
 q - 3 chunks of flesh


   Skills:
 - Level 4.0 Fighting
 + Level 4.4 Long Blades
 - Level 1.7 Armour
 - Level 0.8 Dodging


You had 3 spell levels left.
You didn't know any spells.

Dungeon Overview and Level Annotations

Branches:
Dungeon (3/15)

Altars:
Makhleb
Nemelex Xobeh
Okawaru
Yredelemnul


Innate Abilities, Weirdness & Mutations

You may emit foul miasma when damaged in melee.
You are immune to rotting.


Message History

Drink which item? (? for menu, Esc to quit)
It was a potion of agility.
You feel agile all of a sudden.
You hear a shout!
The orc priest barely misses you. The orc misses you.
Drink which item? (? for menu, Esc to quit)
Okay, then.
You hit the orc priest.
The orc priest is heavily wounded.
The orc priest barely misses you. The orc barely misses you.
You hit the orc priest.
The orc priest is almost dead.
The orc priest completely misses you. The orc closely misses you.
Unknown command.
You barely miss the orc priest.
The orc priest is almost dead.
You hear a shout!
The orc priest invokes the aid of Beogh against you.
Something smites you!
You die...

#......(..#...<
#..............
#.............. ## #+
##.........#....
...###.
...#..........## .....
#.##...##..##.#
..[##.##....##.....
#oo#.##.......#..##
#@#.##....##.##.##
#........###..#.##
....>...........#......
...#.........##........
. ...........###.......
.............###.......
..........>..#.........
..........)..#.#.......
...............##......


You could see an orc priest and an orc.

Vanquished Creatures
  A hound (D:2)
  3 adders
  2 oozes
  A worm (D:2)
  An orc (D:3)
  2 ball pythons
  6 bats
  2 giant cockroaches (D:2)
  3 goblins
  3 hobgoblins
  8 jackals
  7 kobolds
  2 quokkas
  A giant newt (D:1)
  5 rats
47 creatures vanquished.

Notes
Turn   | Place    | Note
--------------------------------------------------------------
     0 | D:1      | Monkaria the Demonspawn Chaos Knight began the quest for the Orb.
     0 | D:1      | Reached XP level 1. HP: 18/18 MP: 1/1
   202 | D:1      | XOM: harmless Conj miscast
   208 | D:1      | XOM: divination: magic mapping
   291 | D:1      | Gained mutation: You are immune to rotting. [demonic ancestry]
   291 | D:1      | Reached XP level 2. HP: 14/24 MP: 2/2
   577 | D:1      | Found a sparkling altar of Nemelex Xobeh.
   879 | D:1      | XOM: harmless Air miscast
   911 | D:1      | Reached skill level 4 in Fighting
   963 | D:2      | Found an iron altar of Okawaru.
  1051 | D:2      | XOM: smoke on damage
  1055 | D:2      | Reached XP level 3. HP: 12/30 MP: 3/3
  1363 | D:2      | Gained mutation: You may emit foul miasma when damaged in melee. [demonic ancestry]
  1363 | D:2      | Reached XP level 4. HP: 7/37 MP: 4/4
  1397 | D:2      | Found a burning altar of Makhleb.
  1669 | D:2      | XOM: smoke on damage
  1897 | D:2      | Found a basalt altar of Yredelemnul.
  2371 | D:3      | Killed from afar by an orc priest

Vault maps used:
D:1:      dpeg_arrival_arbitrary_c, serial_bayou, serial_bayou_ford_a,
          serial_bayou_shore_b, serial_bayou_shore_b, serial_bayou_lagoon_b,
          nemelex_diamond_rough_becter
D:2:      lemuel_doored_altar, makhleb_heckhound_becter,
          overflow_temple_1_default
D:3:      led_sif_book, zin_purify, kennysheep_generic_room_13, uniq_jessica,
          uniq_robin, uniq_sigmund

Action                   |  1- 3 |  4- 6 || total
-------------------------+-------+-------++-------
Melee: Falchion          |   110 |    99 ||   209
  Use: Scroll            |       |     2 ||     2
       Potion            |       |     1 ||     1
 Stab: Sleeping          |     1 |       ||     1
       Petrified         |       |     1 ||     1
       Paralysed         |       |     1 ||     1
  Eat: Chunk             |       |     5 ||     5
